 Dungeon Crawl Stone Soup version 0.28-a0-906-g0406aca7d3 (webtiles) character file.

Game seed: 8114921274361654543

130 karkarkar the Magician (level 5, -2/38 HPs)
             Began as a Djinni Conjurer on Nov 23, 2021.
             Slain by Natasha (8 damage)
             ... on level 3 of the Dungeon.
             The game lasted 00:05:01 (2668 turns).

karkarkar the Magician (Djinni Conjurer)            Turns: 2668, Time: 00:05:02

Health: -2/38      AC:  2    Str:  6    XL:     5   Next: 36%
Gold:   95         EV: 12    Int: 21    God:
                   SH:  0    Dex: 11

rFire   + + .      SeeInvis .   b - +3 spear
rCold   x . .      Faith    .   (no shield)
rNeg    . . .      Spirit   .   a - +0 robe
rPois   ∞          Reflect  .   (no helmet)
rElec   .          Harm     .   (no cloak)
rCorr   .          Rampage  .   (no gloves)
Will    .....                   (boots unavailable)
Stlth   ++........              (no amulet)
HPRegen 0.12/turn               (no ring)
MPRegen 0.00/turn               (no ring)

@: mighty, flying
A: sickness immunity, fire resistance 2, cold vulnerability 1, float, innate
caster, hp casting, extra vitality 1
a: no special abilities


You were on level 3 of the Dungeon.
You visited 1 branch of the dungeon, and saw 3 of its levels.

You collected 95 gold pieces.

Inventory:

Hand Weapons
 b - a +3 spear (weapon)
Armour
 a - a +0 robe (worn)
Jewellery
 d - a ring of ice
Scrolls
 c - a scroll of acquirement {unknown}
 e - a scroll of teleportation {unknown}
 i - a scroll of fear {unknown}
 k - a scroll of enchant armour {unknown}
Potions
 f - a potion of haste {unknown}
 g - a potion of brilliance {unknown}
 h - a potion of might
 j - a potion of degeneration {unknown}


   Skills:
 * Level 1.7 Fighting
 + Level 2.3 Dodging
 + Level 1.9 Stealth
 + Level 4.5 Spellcasting


You couldn't memorise any spells.
You knew the following spells:

 Your Spells              Type           Power      Damage    Failure   Level
a - Magic Dart            Conj           92%        1d7       1%          1
b - Searing Ray           Conj           46%        2d6       2%          2
c - Dazzling Flash        Conj/Hex       46%        N/A       5%          3
d - Fulminant Prism       Conj/Hex       11%        3d9       19%         4
e - Iskenderun's Mystic   Conj/Tloc      23%        2d6       19%         4
f - Foxfire               Conj/Fire      92%        2x1d8     1%          1
g - Wereblood             Tmut           23%        N/A       2%          2
Your spell library was empty.

Dungeon Overview and Level Annotations

Branches:
Dungeon (3/15)

Altars:

Annotations:
D:3 Natasha


Innate Abilities, Weirdness & Mutations

You are immune to sickness and miasma.
You are immune to poison.
Your flesh is very heat resistant. (rF++)
You are vulnerable to cold. (rC-)
You float through the air rather than walking.
You learn spells naturally, not from books.
Your magical power is your life essence.
You have superior vitality. (+4 HP)


Message History

Natasha, Servant of Life and Death comes into view.
The magic dart hits Natasha.
Natasha is moderately wounded.
Natasha hisses angrily.
Natasha casts a spell at you.
You feel yourself slow down.
You miscast Magic Dart.
You are very lightly contaminated with residual magic.
Nothing appears to happen.
You conjure some foxfire!
Natasha casts a spell.
The foxfire hits the white imp.
The white imp is burned terribly!
The white imp is moderately wounded.
The foxfire hits the white imp but does no damage.
The white imp is moderately wounded.
Natasha stares at you and mumbles some strange words.
The magic dart hits you!
Natasha casts a spell. x2
Your magical contamination has completely faded away.
The white imp gestures at you. The puff of frost hits you!
You feel a terrible chill!
* * * LOW HITPOINT WARNING * * *
Aiming: Searing Ray (safe; 2% risk of failure)
Press: ? - help, Q - select action, (/) - cycle Shift-Dir - straight line, f - Natasha
Aim: Natasha (moderately wounded, 72% to hit)
Okay, then.
It was a potion of might.
You feel very mighty all of a sudden.
You closely miss Natasha.
Natasha is moderately wounded.
Natasha closely misses you. Natasha claws you.
* * * LOW HITPOINT WARNING * * *
You closely miss Natasha.
Natasha is moderately wounded.
You feel yourself speed up. Natasha claws you but does no damage.
You hit Natasha.
Natasha is severely wounded.
Natasha claws you!
You die...

............# #########
............# #.......#
............# #.......#
............# #.......#
.......)....#############.......#
...........................†....#
..........#....)....####.........
################.#...............
#@.#.##.##........
###h#..÷.##........ ####
####........########..
.....#.....#.###....# ..
...†........).....#....#
..............÷...# ....
..........|.†.....# ...
........))..5.....# ..
..................# .


You could see Natasha.

Vanquished Creatures
  2 orc priests (D:3)
  Natasha (D:3)
  An adder (D:2)
  A dart slug (D:2)
  3 orcs (D:3)
  5 ball pythons
  4 endoplasms (D:1)
  A giant cockroach (D:3)
  A goblin (D:1)
  A hobgoblin (D:3)
  3 kobolds
  4 quokkas
  A bat (D:3)
  A frilled lizard (D:3)
  4 rats
33 creatures vanquished.

Vanquished Creatures (others)
  7 foxfires (D:3)
7 creatures vanquished.

Grand Total: 40 creatures vanquished

Notes
Turn   | Place    | Note
-------+----------+-------------------------------------------
     0 | D:1      | karkarkar the Djinni Conjurer began the quest for the Orb.
     0 | D:1      | Reached XP level 1. HP: 15/15 MP: 0/0
   232 | D:1      | Reached XP level 2. HP: 17/22 MP: 0/0
   890 | D:2      | Found a faded altar of an unknown god.
  1065 | D:2      | Reached XP level 3. HP: 23/26 MP: 0/0
  1065 | D:2      | Learned a level 1 spell: Foxfire
  2028 | D:3      | Noticed Natasha
  2033 | D:3      | Killed Natasha
  2034 | D:3      | Reached skill level 1 in Fighting
  2034 | D:3      | Reached skill level 4 in Spellcasting
  2034 | D:3      | Reached XP level 4. HP: 8/32 MP: 0/0
  2479 | D:3      | Reached XP level 5. HP: 33/37 MP: 0/0
  2479 | D:3      | Learned a level 2 spell: Wereblood
  2656 | D:3      | Noticed Natasha
  2668 | D:3      | Slain by Natasha

Illustrated notes

Levels and vault maps discovered:
D:1:      saegor_arrival_simple_c, layout_basic
D:2:      layout_basic, hellmonk_ecumenical_altar_inner_sanctum,
          minmay_misc_feat_rugged, moated_statue
D:3:      layout_rooms, uniq_natasha, uniq_sigmund, uniq_jessica

Skill      XL: |  1  2  3 |
---------------+----------+-----
Fighting       | 1 |  1.7
Spellcasting   | 4 |  4.5
Dodging        | |  2.3
Stealth        | |  1.9

Action                   |  1- 3 |  4- 6 || total
-------------------------+-------+-------++-------
Melee: Spear             |       |     6 ||     6
 Cast: Magic Dart        |    32 |    22 ||    54
       Searing Ray       |     6 |     3 ||     9
       Foxfire           |       |     4 ||     4
       Wereblood         |       |     1 ||     1
  Use: Potion            |       |     1 ||     1
Armor: Robe              |     1 |     1 ||     2
Dodge: Dodged            |     5 |     1 ||     6

Table legend: (Time is in decaauts)
 A = Elapsed time spent in this place.
 B = Non-inter-level travel time spent in this place.
 C = Inter-level travel time spent in this place.
 D = Time resting spent in this place.
 E = Time spent auto-exploring this place.
 F = Levels seen in this place.
 G = Mean time per level.
                   A        B        C        D        E       F      G
               +--------+--------+--------+--------+--------+-----+--------+
         Total |   2673 |   2632 |     41 |    424 |   1971 |   3 |  891.0 |
       Dungeon |   2673 |   2632 |     41 |    424 |   1971 |   3 |  891.0 |
               +--------+--------+--------+--------+--------+-----+--------+

Top non-repeatable levels by time:
     D:2: 1476 daAuts
     D:1: 790 daAuts
     D:3: 406 daAuts
